 Seeded DCSS version 0.31-a0-236-g9a0961fb85 (webtiles) character file.

Game seed: 11330284121249248176 (custom seed)

1227 innerfire43 the Cutter (level 8, 0/62 HPs)
             Began as a Demonspawn Monk on July 10, 2023.
             Was an Elder of Qazlal.
             Slain by a gnoll
             ... wielding a +0 halberd
              (9 damage)
             ... on level 6 of the Dungeon.
             The game lasted 00:06:18 (4395 turns).

innerfire43 the Cutter (Demonspawn Monk)            Turns: 4395, Time: 00:06:19

Health: 0/62       AC: 15    Str: 19    XL:     8   Next: 23%
Magic:  8/8        EV: 11    Int: 13    God:    Qazlal [****..]
Gold:   222        SH:  5    Dex: 15    Spells: 7/7 levels left

rFire   . . .        x - +2 long sword (heavy)
rCold   . . .        d - orb {light}
rNeg    . . .        g - +4 scale mail
rPois   +            (helmet restricted)
rElec   .            p - +0 cloak
rCorr   .            (no gloves)
SInv    .            (no boots)
Will    .....        (no amulet) Stlth
                     n - ring of poison resistance
HPRegen 0.30/turn    r - +6 ring of strength
MPRegen 0.11/turn

%: repel missiles
@: brilliant, glowing, unable to read
A: horns 1, slimy green scales 2, demonic magic 1, inability to read after
injury 1, MP-powered wands
a: Renounce Religion, Upheaval, Elemental Force


You were on level 6 of the Dungeon.
You worshipped Qazlal.
Qazlal was greatly pleased with you.
You visited 1 branch of the dungeon, and saw 6 of its levels.

You collected 222 gold pieces.

Inventory:

Hand Weapons
 a - a +0 falchion
 e - a +0 rapier
 x - a +2 heavy long sword (weapon)
Armour
 b - a +0 robe
 c - a +0 robe of willpower
 d - an orb of light (worn)
 g - a +4 scale mail (worn)
 h - a +0 helmet
 p - a +0 cloak (worn)
Jewellery
 n - a ring of poison resistance (left hand)
 r - a +6 ring of strength (right hand)
 s - a ring of protection from fire
 w - a ring of poison resistance
Scrolls
 f - a scroll of revelation {unknown}
 i - 6 scrolls of identify {unknown}
 j - a scroll of blinking {unknown}
 k - a scroll of acquirement {unknown}
 l - a scroll of fear {unknown}
 m - 4 scrolls of teleportation {unknown}
 q - 2 scrolls of enchant weapon {unknown}
 t - a scroll of enchant armour {unknown}
 u - a scroll of summoning {unknown}
Potions
 o - a potion of enlightenment


   Skills:
 + Level 5.2 Fighting
 - Level 5.2(5.6) Short Blades
 * Level 3.1(4.6) Long Blades
 * Level 4.1 Armour
 + Level 4.7 Dodging


You had 7 spell levels left.
You didn't know any spells.
Your spell library contained the following spells:

 Spells                   Type           Power      Damage    Failure   Level
 Kiss of Death            Conj/Necr      0%         2d5       65%         1
 Confusing Touch          Hex            0%         N/A       95%         3
 Hailstorm                Conj/Ice       0%         3d3       95%         3
 Vhi's Electric Charge    Tloc/Air       0%         N/A       95%         3
 Dispel Undead            Necr           0%         3d6       100%        4
 Ice Form                 Ice/Tmut       0%         N/A       100%        4
 Arcjolt                  Conj/Air       0%         1d10      100%        5
 Simulacrum               Ice/Necr       0%         N/A       100%        6
 Maxwell's Capacitive Co  Air            0%         ∞         100%        8


Dungeon Overview and Level Annotations

Branches:
Dungeon (6/15)             Temple (0/1) D:5

Altars:
Kikubaaqudgha
Qazlal


Innate Abilities, Weirdness & Mutations

You have a pair of small horns on your head.
You are mostly covered in slimy green scales. (AC +3)
Spells you cast may paralyse adjacent enemies.
You occasionally lose the ability to read scrolls when taking damage.
You expend magic power (3 MP) to strengthen your wands.


Message History

Your base Long Blades skill increases to level 3!
You are too injured to fight recklessly!
Unknown command.
You are too injured to fight recklessly!
You hit the wight.
The wight is lightly damaged.
The wight hits you but does no damage.
The gnoll hits you from afar with a +0 halberd!
You feel threatened and lose the ability to read scrolls!
The gnoll hits you from afar with a +0 halberd!
* * * LOW HITPOINT WARNING * * *
You block the wight's attack. The gnoll misses you.
The gnoll closely misses you.
You hit the wight.
The wight is moderately damaged.
The wight is engulfed in blazing flames.
You destroy the wight!
Qazlal accepts your kill. The gnoll barely misses you.
The gnoll hits you from afar with a +0 halberd.
* * * LOW HITPOINT WARNING * * *
Your Armour skill increases to level 4!
It was a potion of brilliance.
You feel clever all of a sudden. The gnoll hits you but does no damage.
The gnoll closely misses you. The gnoll barely misses you.
Found 5 poisoned darts.
The gnoll hits you from afar with a +0 halberd.
* * * LOW HITPOINT WARNING * * *
You can read scrolls again.
You block the gnoll's attack. x2
You slice the gnoll!!
You kill the gnoll!
Qazlal accepts your kill.
The gnoll hits you from afar with a +0 halberd.
* * * LOW HITPOINT WARNING * * *
The gnoll hits you but does no damage. The wight barely misses you.
The gnoll hits you with a +0 halberd!
You feel threatened and lose the ability to read scrolls!
You die...

.########
........# #.# #
#.# .# #@# .. # ##
#####g##.#..# #..
zg##zz.....#
##...##.##z##.....
........##g##.#..#
#z...........
#.))...#.#..#
#.....#...#
#............


You could see 3 wights and 2 gnolls.

Vanquished Creatures
  Grinder (D:5)
  Sigmund (D:3)
  A black bear (D:4)
  An orc warrior (D:4)
  An ogre (D:6)
  A centaur (D:4)
  A bullfrog (D:5)
  Blork the orc (D:5)
  A wight (D:6)
  3 hounds
  A jelly (D:6)
  5 iguanas
  2 adders
  2 gnolls (D:6)
  A white imp (D:5)
  2 worms (D:2)
  3 dart slugs
  6 orcs
  4 ball pythons
  4 bats
  6 endoplasms
  2 giant cockroaches
  5 goblins
  3 hobgoblins
  7 quokkas
  4 kobolds
  A rat (D:1)
70 creatures vanquished.

Notes
Turn   | Place    | Note
-------+----------+-------------------------------------------
     0 | D:1      | innerfire43 the Demonspawn Monk began the quest for the
                  | Orb.
     0 | D:1      | Reached XP level 1. HP: 18/18 MP: 1/1
    76 | D:1      | Found a faded altar of an unknown god.
   412 | D:1      | Reached skill level 1 in Short Blades
   412 | D:1      | Gained mutation: You are partially covered in slimy green
                  | scales. (AC +2) [demonic ancestry]
   412 | D:1      | Reached XP level 2. HP: 24/24 MP: 2/2
   731 | D:1      | Prayed at the altar of an unknown god.
   731 | D:1      | Became a worshipper of Qazlal Stormbringer
   731 | D:1      | Reached * piety under Qazlal
   731 | D:1      | Reached ** piety under Qazlal
   816 | D:2      | Reached *** piety under Qazlal
   993 | D:2      | Found an ancient bone altar of Kikubaaqudgha.
  1052 | D:2      | Reached XP level 3. HP: 29/29 MP: 3/3
  1350 | D:3      | Noticed Sigmund
  1374 | D:3      | HP: 1/29 [Sigmund/puff of flame (7)]
  1376 | D:3      | Killed Sigmund
  1377 | D:3      | Gained mutation: You are mostly covered in slimy green
                  | scales. (AC +3) [demonic ancestry]
  1377 | D:3      | Reached XP level 4. HP: 2/37 MP: 4/4
  1377 | D:3      | Reached XP level 5. HP: 3/42 MP: 5/5
  1994 | D:4      | Noticed an orc warrior
  2294 | D:4      | HP: 1/37 [orc warrior/+0 trident (9)]
  2450 | D:4      | Killed an orc warrior
  2451 | D:4      | Reached skill level 1 in Armour
  2451 | D:4      | Gained mutation: You have a pair of small horns on your
                  | head. [demonic ancestry]
  2451 | D:4      | Reached XP level 6. HP: 17/48 MP: 6/6
  2835 | D:4      | Reached XP level 7. HP: 26/55 MP: 7/7
  3052 | D:4      | Gained mutation: You occasionally lose the ability to read
                  | scrolls when taking damage. [potion of mutation]
  3052 | D:4      | Gained mutation: You expend magic power (3 MP) to
                  | strengthen your wands. [potion of mutation]
  3550 | D:5      | Entered Level 5 of the Dungeon
  3643 | D:5      | Found a staircase to the Ecumenical Temple.
  3718 | D:5      | Noticed Blork the orc
  3729 | D:5      | Killed Blork the orc
  3735 | D:5      | Reached **** piety under Qazlal
  3956 | D:5      | Noticed Grinder
  3957 | D:5      | Paralysed by Grinder for 2 turns
  3962 | D:5      | Killed Grinder
  3963 | D:5      | Reached skill level 5 in Fighting
  3963 | D:5      | Reached skill level 5 in Short Blades
  3963 | D:5      | Gained mutation: Spells you cast may paralyse adjacent
                  | enemies. [demonic ancestry]
  3963 | D:5      | Reached XP level 8. HP: 62/62 MP: 8/8
  4395 | D:6      | Slain by a gnoll

Illustrated notes

Levels and vault maps discovered:
D:1:      dpeg_arrival_rooms_a, layout_loops_ring,
          dreamdust_ecumenical_altar_angels_and_demons, minmay_fountain_box
D:2:      layout_rooms, basic_altar, dk_vineyard_3
D:3:      layout_rooms, uniq_sigmund
D:4:      layout_cave_pools
D:5:      layout_loops_ring, minmay_temple_entry_grid,
          chequers_serial_rivers_micro_c, uniq_blork_the_orc, uniq_grinder
D:6:      layout_loops_ring, roderic_serpentine_path, minivault_27,
          hangedman_abyss_or_decor_lesser_grid, minmay_misc_feat_rows,
          uniq_pikel

Skill      XL: |  1  2  3  4  5  6  7  8 |
---------------+-------------------------+-----
Short Blades   | 1 3 4 5 |  5.2
Dodging        | 3 4 |  4.7
Fighting       | 4 5 |  5.2
Armour         | 1 2 3 4 |  4.1
Long Blades    | 3 |  3.1

Action                     |  1- 3 |  4- 6 |  7- 9 || total
---------------------------+-------+-------+-------++-------
  Melee: Falchion          |    81 |    89 |    70 ||   240
         Headbutt          |       |     7 |    16 ||    23
         Long sword        |       |       |    10 ||    10
    Use: Potion            |     1 |     8 |     3 ||    12
 Armour: Robe              |    20 |    25 |     2 ||    47
         Scale mail        |       |       |    39 ||    39
  Dodge: Dodged            |    53 |    68 |    63 ||   184
  Block: Orb               |     4 |    20 |    25 ||    49

Table legend: (Time is in decaauts)
 A = Elapsed time spent in this place.
 B = Non-inter-level travel time spent in this place.
 C = Inter-level travel time spent in this place.
 D = Time resting spent in this place.
 E = Time spent auto-exploring this place.
 F = Levels seen in this place.
 G = Mean time per level.
                   A        B        C        D        E       F      G
               +--------+--------+--------+--------+--------+-----+--------+
         Total |   4431 |   4040 |    391 |      0 |   3386 |   6 |  738.5 |
       Dungeon |   4431 |   4040 |    391 |      0 |   3386 |   6 |  738.5 |
               +--------+--------+--------+--------+--------+-----+--------+

Top non-repeatable levels by time:
     D:4: 1161 daAuts
     D:3: 1060 daAuts
     D:5: 822 daAuts
     D:1: 782 daAuts
     D:2: 571 daAuts
     D:6: 33 daAuts
